Cogmind - Beta 13 @@@ ROGUE MODE // 2024.04.18 @ 05:03:39 Player: Cherman0 Result: Destroyed by SJ-OQ6(R) with Subdweller Laser Performance ------------- Evolutions (0) 0 Regions Visited (3) 600 Robots Destroyed (50) 250 Value Destroyed (1288) 1288 Prototype IDs (2) 40 Alien Tech Used (0) 0 Bonus (33) 33 TOTAL SCORE: 2211 Bonus ------- Follower Combat Kills 33 Cogmind --------- Core Integrity 0/250 Matter 280/300 Energy 264/265 System Corruption 2% Temperature Cool (6) Movement Rolling (130) Ox2 Location -10/Subcaves Parts ------- > --- POWER (1) -------- Improved Ion Engine > --- PROPULSION (2) --- Subdweller Monowheel > --- UTILITY (2) ------ High-capacity Storage Unit Structural Scanner (fused) > --- WEAPON (2) ------- Subdweller Laser Makeshift Hammer > --- INVENTORY (20) --- Improved Ion Engine VTOL Module VTOL Module VTOL Module VTOL Module Disposable Heat Sink Medium Storage Unit High-capacity Matter Pod (200) Seismic Detector Hacking Suite Makeshift System Shield Beam Cannon Subdweller Machine Gun Barrage Gun Light Cannon Light Cannon Light Cannon Battle Cannon Rocket Launcher Enhanced Flamer Peak State ------------ > --- POWER ------------ Improved Ion Engine > --- PROPULSION ------- Aluminum Leg Subdweller Monowheel > --- UTILITY ---------- High-capacity Storage Unit Structural Scanner > --- WEAPON ----------- Subdweller Laser Makeshift Hammer > --- INVENTORY -------- Improved Ion Engine Improved Ion Engine VTOL Module VTOL Module VTOL Module VTOL Module Disposable Heat Sink Medium Storage Unit High-capacity Matter Pod Seismic Detector Hacking Suite Beam Cannon Subdweller Machine Gun Barrage Gun Light Cannon Light Cannon Light Cannon Rocket Launcher Shrapnel Trap [Rating: 16] Favorites ----------- Power Improved Ion Engine Engine Improved Ion Engine Power Core Light Nuclear Core Propulsion Aluminum Leg Treads Light Treads Leg Aluminum Leg Wheel Subdweller Monowheel Utility High-capacity Storage Unit Device Structural Scanner Storage High-capacity Storage Unit Protection Light Armor Plating Weapon Light Cannon Energy Gun Subdweller Laser Ballistic Gun Assault Rifle Ballistic Cannon Light Cannon Launcher Rocket Launcher Special Weapon Mining Laser Impact Weapon Makeshift Hammer Build | -11 -10 -10 -10 ------- Run | Yrd Mat Min Sub Slots Evolved . | . . . . Power . | . . . . Propulsion . | . . . . Utility . | . . . . Weapon . | . . . . Parts Attached 37 | 2 12 2 21 Power 6 | . 2 1 3 Engine 4 | . 2 . 2 Core 2 | . . 1 1 Reactor . | . . . . Propulsion 5 | . 2 . 3 Treads 2 | . 2 . . Leg 2 | . . . 2 Wheel 1 | . . . 1 Hover . | . . . . Flight . | . . . . Utility 4 | 1 2 1 . Device 2 | 1 . 1 . Storage 1 | . 1 . . Processor . | . . . . Hackware . | . . . . Protection 1 | . 1 . . Artifact . | . . . . Weapon 22 | 1 6 . 15 Energy Gun 4 | 1 . . 3 Energy Cannon . | . . . . Ballistic Gun 3 | . 1 . 2 Ballistic Cannon 8 | . 4 . 4 Launcher 2 | . . . 2 Special Weapon 4 | . 1 . 3 Impact Weapon 1 | . . . 1 Slashing Weapon . | . . . . Piercing Weapon . | . . . . Special Melee Weapon . | . . . . Unidentified Prototypes . | . . . . Parts Lost 12 | . 2 1 9 Power 4 | . 1 . 3 Propulsion 4 | . . . 4 Utility 1 | . . 1 . Weapon 3 | . 1 . 2 Highest Loss Streak 3 | . 1 1 3 To Critical Strikes 1 | . . . 1 Average Slot Usage (%) 95 | . 99 99 90 Engine 10 | . 13 5 10 Core 3 | . . 8 3 Treads 8 | . 3 28 3 Leg 13 | . 24 . 11 Wheel 2 | . . . 5 Device 9 | . 5 6 14 Storage 14 | . 14 14 14 Protection 4 | . 8 7 . Energy Gun 7 | . 8 . 10 Ballistic Cannon 15 | . 16 28 10 Impact Weapon 1 | . . . 4 Naked Turns . | . . . . Heaviest Build 56 | 15 56 56 55 Greatest Support 40 | 20 40 40 40 Greatest Overweight (x) 5 | . 2 1 5 Average Overweight (x) 1 | . 1 1 2 Largest Inventory Capacity 20 | 8 20 20 20 Average Capacity 18 | 8 16 20 20 Most Carried 20 | 7 18 20 20 Average Carried 16 | 6 13 18 17 Final Capacity 20 | 8 20 20 20 Final Carried 20 | 7 18 19 20 Class Distribution -------------------- 100% | Mutant Dominant Class ---------------- Mutant | -10/Materials Mutant | -10/Mines Mutant | -10/Subcaves Resources | -11 -10 -10 -10 ----------- Run | Yrd Mat Min Sub Matter Collected 1515 | 235 447 372 461 Remotely . | . . . . Salvage Created 1141 | 95 538 262 246 Parts 79 | 8 38 17 16 Haulers Intercepted . | . . . . Recyclers Shooed . | . . . . Parts Field Recycled . | . . . . Retrieved Matter . | . . . . Parts Self-Destructed 23 | . . . 23 Prevented . | . . . . Kills | -11 -10 -10 -10 ------- Run | Yrd Mat Min Sub Combat Hostiles Destroyed 42 | . 17 12 13 Guns 9 | . 6 . 3 Cannons 28 | . 11 12 5 AOE 4 | . . . 4 Classes Destroyed 10 | 2 5 1 2 Worker 1 | . 1 . . Builder 1 | . . 1 . Tunneler 1 | 1 . . . Recycler 1 | 1 . . . Operator 1 | . 1 . . Watcher 3 | . 3 . . Swarmer 16 | . 6 6 4 Grunt 17 | . 11 6 . Sentry 1 | . . . 1 Subdweller 8 | . . . 8 Best Kill Streak 4 | 1 4 3 4 Combat Bots Only 4 | . 3 3 4 Max Kills in Single Turn 2 | 1 2 1 2 Gunslinging . | . . . . Exploded 2 | . . . 2 Melee . | . . . . Uniques/NPCs Destroyed . | . . . . Combat | -11 -10 -10 -10 -------- Run | Yrd Mat Min Sub Hostile Shots Fired 192 | . 61 54 77 Missed 53 | . 18 18 17 Damage Taken 1896 | . 463 377 1056 Core 257 | . 30 75 152 Absorbed by Shields . | . . . . Core Remaining (%) 100 | 100 . . . Volleys Fired 149 | 5 58 25 61 Largest 2 | 2 2 2 2 Hottest 135 | 70 100 70 135 Shots Fired 256 | 10 112 50 84 Gun 95 | 10 63 . 22 Cannon 143 | . 46 50 47 Launcher 5 | . . . 5 Special 13 | . 3 . 10 Kinetic 171 | 5 69 50 47 Thermal 80 | 5 43 . 32 Explosive 5 | . . . 5 Electromagnetic . | . . . . Robot Hit Streak 13 | 3 13 7 11 Robot Miss Streak 8 | 3 8 5 2 Penetration Max . | . . . . Secondary Targets 1 | . 1 . . Max Gunslinging Chain 1 | . 1 . . Shots Hit Robots 138 | 4 59 26 49 Core Hits 62 | 3 26 15 18 Critical Kills . | . . . . Critical Parts Destroyed 1 | . . . 1 Critical Strikes 9 | . 5 2 2 Burn 3 | . 3 . . Blast 5 | . 2 2 1 Smash 1 | . . . 1 Melee Attacks 7 | . . . 7 Impact 7 | . . . 7 Slashing . | . . . . Piercing . | . . . . Sneak Attacks . | . . . . Combat Hostiles . | . . . . Follow-up Attacks . | . . . . Damage Inflicted 2638 | 60 896 506 1176 Guns 559 | 60 349 . 150 Cannons 1581 | . 543 468 570 Explosions 293 | . . . 293 Melee 67 | . . . 67 Ramming 42 | . 4 38 . Kinetic 1792 | 36 718 468 570 Thermal 444 | 24 174 . 246 Explosive 293 | . . . 293 Electromagnetic . | . . . . Impact 67 | . . . 67 Slashing . | . . . . Piercing . | . . . . Highest Corruption 2 | . 2 2 2 Average Corruption 2 | . 2 2 2 Corruption Purged . | . . . . Corruption Blocked . | . . . . Effects 94 | . 28 21 45 Message Errors 27 | . 6 7 14 Matter Fused 19 | . 7 3 9 Heat Flow Errors 10 | . 3 5 2 Energy Discharges 10 | . 1 1 8 Parts Fused 3 | . 1 . 2 Data Loss (minor) 13 | . 4 2 7 Data Loss (major) 7 | . 4 1 2 Misfires 2 | . 1 . 1 Alerts 3 | . 1 2 . Overload Shots . | . . . . Overflow Damage 87 | . . 6 81 Projectiles 6 | . . 6 . Explosions 39 | . . . 39 Melee 42 | . . . 42 Knockbacks 26 | . 11 8 7 Impact 1 | . . 1 . Kinetic 23 | . 10 6 7 Secondary 2 | . 1 1 . Self-Inflicted Damage 35 | . . . 35 Shots 1 | . . . 1 Rammed 9 | . . 9 . Targets Rammed 11 | . 1 10 . Kicked 1 | . 1 . . Crushed 1 | . . 1 . Highest Temperature 258 | 36 215 258 112 Average Temperature 60 | 16 55 72 69 Received Heat Transfer 567 | . 192 117 258 Siege Activations . | . . . . Robots Corrupted . | . . . . Combat Hostiles . | . . . . Parts Fried . | . . . . Impact Corruptions 3 | . . 1 2 Robots Melted . | . . . . Combat Hostiles . | . . . . Parts Melted 4 | . 2 . 2 Heat Transferred 1189 | 74 740 . 375 Parts Sabotaged . | . . . . Parts Stolen . | . . . . Parts Stripped . | . . . . Power Chain Reactions . | . . . . Alert | -11 -10 -10 -10 ------- Run | Yrd Mat Min Sub Peak Influence 288 | 10 175 288 . Initial 67 | . 6 67 . Average 77 | 6 56 114 . Maximum Alert Level 1 | . . 1 . Low Security (%) 93 | 100 100 81 . Level 1 6 | . . 18 . Level 2 . | . . . . Level 3 . | . . . . Level 4 . | . . . . Level 5 . | . . . . High Security . | . . . . Max Security . | . . . . Squads Dispatched 3 | . 3 . . Investigation 2 | . 2 . . Extermination . | . . . . Reinforcement 1 | . 1 . . Assault . | . . . . Garrison . | . . . . Intercept . | . . . . Searches Triggered . | . . . . Construction Impeded . | . . . . Haulers Reinforced . | . . . . Active Scanning Responses . | . . . . Cargo Convoy Interrupts . | . . . . Stealth | -11 -10 -10 -10 --------- Run | Yrd Mat Min Sub Distress Signals 2 | . 2 . . Communications Jammed . | . . . . Distress Signals . | . . . . Times Spotted 72 | . 27 15 30 Peak Tracking Total 4 | . 3 3 4 Tactical Retreats 4 | . 1 1 2 Traps | -11 -10 -10 -10 ------- Run | Yrd Mat Min Sub Traps Triggered 1 | . 1 . . Indirectly . | . . . . Trap Hack Attempts . | . . . . Triggered . | . . . . Disarmed . | . . . . Reprogrammed . | . . . . Reused . | . . . . Traps Extracted . | . . . . Installed . | . . . . Triggered . | . . . . Most Traps Carried 1 | . . . 1 Machines | -11 -10 -10 -10 ---------- Run | Yrd Mat Min Sub Machines Disabled 9 | . 1 4 4 Max in Single Turn 3 | . 1 1 3 Machines Repaired . | . . . . Machines Dismantled . | . . . . Machines Sabotaged . | . . . . Overloaded Fab Kills . | . . . . Hacking | -11 -10 -10 -10 --------- Run | Yrd Mat Min Sub Machines Accessed 9 | . 7 1 1 Terminals 6 | . 5 1 . Fabricators . | . . . . Repair Stations . | . . . . Recycling Units 2 | . 2 . . Scanalyzers . | . . . . Garrison Access . | . . . . Total Hacks 22 | . 17 3 2 Successful 10 | . 6 2 2 Failed 11 | . 10 1 . Catastrophic 2 | . 2 . . Database Lockouts 1 | . 1 . . Manual 11 | . 8 3 . Terminals 17 | . 14 3 . Fabricators . | . . . . Repair Stations . | . . . . Recycling Units 3 | . 3 . . Scanalyzers . | . . . . Garrison Access . | . . . . Terminal Hacks 7 | . 3 2 2 Record 2 | . . . 2 Robot Analysis 2 | . . 2 . Prototype ID Bank 1 | . 1 . . Locate Traps 1 | . 1 . . Hauler Manifests 1 | . 1 . . Fabricator Hacks . | . . . . Repair Station Hacks . | . . . . Recycling Unit Hacks . | . . . . Scanalyzer . | . . . . Garrison Access Hacks . | . . . . Unauthorized Hacks 3 | . 3 . . Terminals 1 | . 1 . . Botnet 1 | . 1 . . Fabricators . | . . . . Repair Stations . | . . . . Recycling Units 2 | . 2 . . Tunnel 2 | . 2 . . Scanalyzers . | . . . . Garrison Access . | . . . . Data Cores Recovered . | . . . . Used . | . . . . Hacking Detections 5 | . 4 1 . Full Trace Events 2 | . 1 1 . Feedback Events . | . . . . Feedback Blocked . | . . . . Robot Schematics Acquired . | . . . . Robots Built . | . . . . Authchips . | . . . . Time . | . . . . Total Robot Build Rating . | . . . . Part Schematics Acquired . | . . . . Parts Built . | . . . . Authchips . | . . . . Time . | . . . . Total Part Build Rating . | . . . . Parts Repaired . | . . . . Time . | . . . . Parts Recycled . | . . . . Recycled Matter . | . . . . Retrieved Matter . | . . . . Retrieved Components . | . . . . Parts Scanalyzed . | . . . . Part Schematics Acquired . | . . . . Parts Damaged . | . . . . Bothacking | -11 -10 -10 -10 ------------ Run | Yrd Mat Min Sub Used RIF Installer . | . . . . Robots Hacked . | . . . . Non-combat . | . . . . Combat . | . . . . Robot Hacks Applied . | . . . . Relay Couplers Released . | . . . . Fabnet Peak Effective % . | . . . . Robots Rewired . | . . . . Allies Hacked . | . . . . Hacks Repelled . | . . . . Allies | -11 -10 -10 -10 -------- Run | Yrd Mat Min Sub Total Allies 3 | . . 3 . Largest Group 3 | . . 3 2 Highest-Rated Group 40 | . . 40 32 Highest-Rated Ally 16 | . . 16 16 Total Orders . | . . . . Ally Attacks 13 | . . . 13 Total Damage 197 | . . . 197 Kills 1 | . . . 1 Allies Corrupted . | . . . . Allies Melted . | . . . . Intel | -11 -10 -10 -10 ------- Run | Yrd Mat Min Sub Robot Analysis Total 2 | . . 2 . Derelict Logs Recovered 2 | . . 1 1 Drone Launches . | . . . . Drone Recoveries . | . . . . Exploration | -11 -10 -10 -10 ------------- Run | Yrd Mat Min Sub Turns Passed 7906 | 71 2716 1638 3481 Spaces Moved 2767 | 44 828 632 1263 Core . | . . . . Treads 932 | . 131 632 169 Legs 1125 | 44 697 . 384 Wheels 710 | . . . 710 Hover . | . . . . Flight . | . . . . Fastest Speed 120 | 120 120 240 130 Average Speed 227 | 120 226 240 226 Slowest Speed 470 | 120 260 240 470 Overloaded Moves . | . . . . Propulsion Burnouts . | . . . . Robots Hopped . | . . . . Cave-ins Triggered . | . . . . Exploration Rate (%) 71 | 5 97 100 82 Regions Visited 3 Branch Regions 2 Pre-discovered Areas 3 | . 2 . 1 Known Exits Taken . | . . . . Unknown Exits Taken 3 | 1 1 1 . Scrap Searched 5 | . . 1 4 Spaces Dug . | . . . . Terrain Destroyed 32 | . . . 32 Melee . | . . . . Projectile . | . . . . AOE 32 | . . . 32 Terrain Rammed . | . . . . Walls Destroyed . | . . . . Machines Disabled . | . . . . Actions | -11 -10 -10 -10 --------- Run | Yrd Mat Min Sub Total 4063 | 51 1548 690 1774 Wait 1053 | . 625 19 409 Move 2764 | 43 827 631 1263 Hop . | . . . . Pick Up 30 | 1 18 2 9 Fast Attach 6 | 1 . 1 4 Attach 10 | . 2 1 7 Detach . | . . . . Swap 21 | 1 10 . 10 Drop 12 | . 7 1 4 Fire 149 | 5 58 25 61 Melee 7 | . . . 7 Ram . | . . . . Kick 1 | . 1 . . Crush 10 | . . 10 . Escape Stasis . | . . . . Rewire . | . . . . Trap . | . . . . Miscellaneous . | . . . . Route ------- -11/Scrapyard -10/Materials (discovered 5 exits: [*Mat x3] / *Min x2) -10/Mines (discovered 3 exits: [*Mat x2] / *Sub) -10/Subcaves (discovered 2 exits: [*Mat] / [*Rec]) History --------- Turn | Location | Event 15 | -11/Scrapyard | Discovered new exit (range 3) 72 | -11/Scrapyard | Entered Materials 110 | -10/Materials | Central database locked down 310 | -10/Materials | Build established: Mutant 807 | -10/Materials | Discovered new exit (range 8) 880 | -10/Materials | Discovered new exit (range 11) 1319 | -10/Materials | Discovered new exit (range 8) 1343 | -10/Materials | Discovered new exit (range 12) 1711 | -10/Materials | Discovered new exit (range 14) 2788 | -10/Materials | Entered Mines 2851 | -10/Mines | Discovered new exit (range 3) 2991 | -10/Mines | Learned Materials emergency access door positions 3230 | -10/Mines | Discovered new exit (range 9) 3596 | -10/Mines | Received a Rocket Launcher from a helpful Derelict 4121 | -10/Mines | Assisted by bots powering up and referring to "LRC-V3" 4411 | -10/Mines | Discovered new exit (range 7) 4426 | -10/Mines | Entered Subcaves 4426 | -10/Subcaves | Accompanied by 3 allies 4429 | -10/Subcaves | A swath of the cavern ceiling suddenly collapsed 4572 | -10/Subcaves | Learned Materials interactive machine intel 4719 | -10/Subcaves | Core integrity fell below 50% 5113 | -10/Subcaves | Learned location of Zion (-7) 5113 | -10/Subcaves | Met a Zionite searching for "candidates" 5152 | -10/Subcaves | Discovered new exit (range 12) 5380 | -10/Subcaves | Core integrity fell below 20% 5412 | -10/Subcaves | Lost 3 parts (1p2w) 5641 | -10/Subcaves | Discovered new exit (range 15) 6148 | -10/Subcaves | Visited Clippyterm 7907 | -10/Subcaves | Destroyed by SJ-OQ6(R) with Subdweller Laser Last Messages --------------- 07186_ Acquired 5 matter. 07469_ OVRJYWEZV&IYIIFT QITA=7//JHWELPK#W 07492_ System corrupted: Substantial component data lost. 07533_ A%QXOL 3S&ZGVVL7&UYEC| 07600_ QJM QACM3||AHEVI9CHPU3,IS 07610_ Searching scrap... 07610_ Found Mak. System Shield. 07610_ Found Battle Cannon. 07610_ Found 15 Matter. 07611_ Acquired 2 matter. 07612_ Acquired Battle Cannon. 07614_ Subatomizers dissect the Mak. System Shield. 07616_ Dropped Shrapnel Trap. 07616_ Acquired Mak. System Shield. 07642_ Dropped Sub. Laser. 07643_ Acquired Unknown Ballistic Gun. 07643_ Identified Battle Rifle. 07644_ Dropped Battle Rifle. 07646_ Acquired Sub. Laser. 07747_ KJ